[ AOE2 MATCH · #508047121 ]
UnrankedItalians vs Malay
Player's team · WIN
Rival team · LOSS
[ REPLAY ANALYSIS · EXTRACTED FROM THE RECORDED GAME ]
Feudal
11:10
Castle
14:52
Imperial
38:44
| APM avg | 43.2 |
| APM peak | 64 |
| eAPM avg | 27.4 |
| Villagers / military | 162 / 172 |
Focus
⚔️ 38.0% · 🌾 62.0%
Hand Cannoneer ×60 · Scout Cavalry ×47 · Genoese Crossbowman ×47 · Bombard Cannon ×7 · Mangonel ×6 · Monk ×5
Feudal
7:44
Castle
23:29
Imperial
35:09
| APM avg | 27.1 |
| APM peak | 70 |
| eAPM avg | 22.6 |
| Villagers / military | 112 / 165 |
Focus
⚔️ 45.6% · 🌾 54.4%
Karambit Warrior ×102 · Battering Ram ×24 · Monk ×22 · Mangonel ×10 · Spearman ×7
Match map
Initial resources + every placement click. Lines = walls · curves = elevation contours. ◆ gold · ⬟ stone · ● berries · ✦ relic · ◌ wall gap
Your base· ✓ Closed at 14:52 · 48t walls · 2 gate(s)
deptozer's base· ✓ Closed at 23:29 · 4t walls · 2 gate(s)
Smoothed initial terrain · ◌ = detected wall gap · hover for details
Inputs per minute
— GdR | ChiattoneDevastante - - deptozer
Build order — GdR | ChiattoneDevastante
First 150 of 500 actions detected
| 0:00 | Queue | Villager (Male) |
| 0:00 | Queue | Villager (Male) |
| 0:01 | Queue | Villager (Male) |
| 0:01 | Queue | Villager (Male) |
| 0:02 | Build | House |
| 0:04 | Build | House |
| 1:22 | Queue | Villager (Male) |
| 2:01 | Queue | Villager (Male) |
| 2:07 | Build | Palisade Wall |
| 2:09 | Build | Palisade Wall |
| 2:10 | Build | Palisade Wall |
| 2:11 | Build | Palisade Wall |
| 2:11 | Build | Palisade Wall |
| 2:12 | Build | Palisade Wall |
| 2:13 | Build | Palisade Wall |
| 2:14 | Build | Palisade Wall |
| 2:14 | Build | Palisade Wall |
| 2:15 | Build | Palisade Wall |
| 2:16 | Build | Palisade Wall |
| 2:17 | Build | Palisade Wall |
| 2:17 | Build | Palisade Wall |
| 2:18 | Build | Palisade Wall |
| 2:22 | Queue | Villager (Male) |
| 2:48 | Queue | Villager (Male) |
| 3:18 | Queue | Villager (Male) |
| 3:40 | Queue | Villager (Male) |
| 3:50 | Build | House |
| 3:50 | Build | House |
| 3:52 | Build | House |
| 4:17 | Queue | Villager (Male) |
| 4:17 | Queue | Villager (Male) |
| 4:39 | Queue | Villager (Male) |
| 4:41 | Queue | Villager (Male) |
| 4:45 | Build | Mill |
| 4:58 | Queue | Villager (Male) |
| 5:03 | Build | Lumber Camp |
| 5:34 | Queue | Villager (Male) |
| 6:06 | Build | Farm |
| 6:14 | Queue | Villager (Male) |
| 6:30 | Build | Farm |
| 6:47 | Queue | Villager (Male) |
| 6:55 | Queue | Villager (Male) |
| 7:18 | Queue | Villager (Male) |
| 8:01 | Queue | Villager (Male) |
| 8:15 | Build | Palisade Wall |
| 8:23 | Queue | Villager (Male) |
| 8:24 | Research | Loom |
| 8:27 | Research | Feudal Age |
| 8:34 | Build | Palisade Wall |
| 8:36 | Build | Palisade Wall |
| 8:37 | Queue | Villager (Male) |
| 9:01 | Queue | Villager (Male) |
| 9:53 | Build | Mining Camp |
| 10:11 | Queue | Villager (Male) |
| 10:17 | Build | Palisade Wall |
| 11:02 | Build | Palisade Wall |
| 11:03 | Build | Palisade Wall |
| 11:10 | Age | Feudal Age |
| 11:11 | Build | Watch Tower |
| 11:13 | Build | Blacksmith |
| 11:15 | Build | Market |
| 11:43 | Build | Palisade Wall |
| 12:05 | Build | Mining Camp |
| 12:12 | Research | Castle Age |
| 12:17 | Build | Palisade Wall |
| 13:32 | Queue | Villager (Male) |
| 13:38 | Research | Loom |
| 13:38 | Queue | Villager (Male) |
| 13:45 | Build | Farm |
| 13:52 | Build | Palisade Wall |
| 14:03 | Queue | Villager (Male) |
| 14:13 | Build | House |
| 14:19 | Build | Farm |
| 14:30 | Research | Gold Mining |
| 14:31 | Research | Double-Bit Axe |
| 14:52 | Age | Castle Age |
| 14:55 | Build | Siege Workshop |
| 15:15 | Build | Lumber Camp |
| 15:22 | Queue | Mangonel |
| 16:04 | Queue | Villager (Male) |
| 16:08 | Queue | Mangonel |
| 16:38 | Build | Farm |
| 16:58 | Queue | Mangonel |
| 17:13 | Queue | Villager (Male) |
| 17:49 | Queue | Villager (Male) |
| 18:06 | Build | Mill |
| 18:06 | Build | Farm |
| 18:07 | Build | Farm |
| 18:29 | Build | Farm |
| 18:34 | Build | House |
| 18:45 | Queue | Villager (Male) |
| 19:15 | Queue | Villager (Male) |
| 19:27 | Build | House |
| 19:45 | Queue | Villager (Male) |
| 20:03 | Build | Farm |
| 20:08 | Queue | Villager (Male) |
| 20:33 | Queue | Villager (Male) |
| 20:35 | Build | Farm |
| 20:48 | Queue | Villager (Male) |
| 20:58 | Build | Mining Camp |
| 21:20 | Queue | Villager (Male) |
| 21:28 | Build | Gate |
| 21:32 | Queue | Villager (Male) |
| 21:43 | Build | Town Center |
| 21:52 | Queue | Villager (Male) |
| 22:08 | Queue | Villager (Male) |
| 22:28 | Queue | Villager (Male) |
| 22:40 | Build | Town Center |
| 22:55 | Build | House |
| 22:56 | Queue | Villager (Male) |
| 23:01 | Queue | Villager (Male) |
| 23:10 | Build | Monastery |
| 23:16 | Queue | Villager (Male) |
| 23:36 | Queue | Villager (Male) |
| 23:46 | Queue | Villager (Male) |
| 23:52 | Queue | Monk |
| 24:08 | Build | Farm |
| 24:13 | Research | Horse Collar |
| 24:20 | Build | Farm |
| 24:24 | Build | Farm |
| 24:25 | Queue | Villager (Male) |
| 24:27 | Queue | Villager (Male) |
| 24:27 | Queue | Villager (Male) |
| 24:28 | Queue | Villager (Male) |
| 24:45 | Queue | Monk |
| 24:49 | Queue | Monk |
| 24:51 | Queue | Villager (Male) |
| 24:53 | Build | Farm |
| 25:00 | Build | Farm |
| 25:05 | Queue | Villager (Male) |
| 25:07 | Build | Farm |
| 25:11 | Build | Farm |
| 25:32 | Queue | Villager (Male) |
| 25:36 | Queue | Villager (Male) |
| 25:46 | Queue | Villager (Male) |
| 26:03 | Queue | Villager (Male) |
| 26:09 | Queue | Villager (Male) |
| 26:13 | Build | House |
| 26:14 | Build | House |
| 26:15 | Build | House |
| 26:15 | Build | House |
| 26:16 | Queue | Villager (Male) |
| 26:23 | Queue | Villager (Male) |
| 26:32 | Research | Atonement |
| 26:34 | Queue | Villager (Male) |
| 26:42 | Build | Farm |
| 26:42 | Build | Farm |
| 26:43 | Build | Farm |
| 26:50 | Queue | Villager (Male) |
| 26:54 | Build | Castle |
Build order — deptozer
First 150 of 379 actions detected
| 0:00 | Queue | Villager (Male) |
| 0:02 | Build | House |
| 0:04 | Build | House |
| 0:05 | Queue | Villager (Male) |
| 0:05 | Queue | Villager (Male) |
| 0:21 | Queue | Villager (Male) |
| 1:16 | Queue | Villager (Male) |
| 1:50 | Build | Lumber Camp |
| 1:53 | Queue | Villager (Male) |
| 2:09 | Queue | Villager (Male) |
| 2:35 | Queue | Villager (Male) |
| 3:05 | Queue | Villager (Male) |
| 3:27 | Build | House |
| 3:29 | Queue | Villager (Male) |
| 3:58 | Queue | Villager (Male) |
| 4:34 | Queue | Villager (Male) |
| 4:39 | Queue | Villager (Male) |
| 4:45 | Queue | Villager (Male) |
| 4:47 | Research | Loom |
| 5:05 | Build | Mining Camp |
| 6:26 | Research | Feudal Age |
| 7:35 | Build | House |
| 7:36 | Build | House |
| 7:41 | Queue | Villager (Male) |
| 7:41 | Queue | Villager (Male) |
| 7:41 | Queue | Villager (Male) |
| 7:44 | Age | Feudal Age |
| 8:03 | Build | Watch Tower |
| 8:31 | Queue | Villager (Male) |
| 8:31 | Queue | Villager (Male) |
| 8:57 | Queue | Villager (Male) |
| 9:31 | Queue | Villager (Male) |
| 9:37 | Build | Mill |
| 9:54 | Build | Watch Tower |
| 10:02 | Queue | Villager (Male) |
| 10:14 | Build | Mining Camp |
| 10:39 | Build | Blacksmith |
| 10:58 | Queue | Villager (Male) |
| 11:33 | Queue | Villager (Male) |
| 11:34 | Queue | Villager (Male) |
| 11:38 | Queue | Villager (Male) |
| 11:38 | Queue | Villager (Male) |
| 11:55 | Build | Watch Tower |
| 12:03 | Queue | Villager (Male) |
| 12:04 | Queue | Villager (Male) |
| 12:21 | Build | Watch Tower |
| 12:32 | Research | Fletching |
| 12:38 | Build | House |
| 12:40 | Build | House |
| 13:12 | Queue | Villager (Male) |
| 13:12 | Queue | Villager (Male) |
| 13:19 | Build | Mill |
| 13:37 | Build | Watch Tower |
| 13:42 | Build | Farm |
| 13:56 | Build | Farm |
| 13:58 | Build | Farm |
| 14:00 | Build | Farm |
| 14:01 | Queue | Villager (Male) |
| 14:15 | Build | Farm |
| 14:33 | Build | Watch Tower |
| 14:38 | Build | Farm |
| 14:44 | Queue | Villager (Male) |
| 15:07 | Build | Watch Tower |
| 15:11 | Queue | Villager (Male) |
| 15:16 | Build | Farm |
| 15:17 | Queue | Villager (Male) |
| 15:30 | Build | Farm |
| 15:54 | Queue | Villager (Male) |
| 15:54 | Queue | Villager (Male) |
| 15:54 | Queue | Villager (Male) |
| 15:57 | Build | Farm |
| 16:45 | Build | Watch Tower |
| 16:48 | Queue | Villager (Male) |
| 16:48 | Queue | Villager (Male) |
| 16:53 | Build | Stone Wall |
| 16:54 | Build | Stone Wall |
| 16:55 | Build | Stone Wall |
| 16:57 | Build | Stone Wall |
| 17:38 | Queue | Villager (Male) |
| 17:38 | Queue | Villager (Male) |
| 17:45 | Build | Mining Camp |
| 17:48 | Build | Farm |
| 17:49 | Build | Farm |
| 17:49 | Build | Farm |
| 17:49 | Build | Farm |
| 17:50 | Build | Farm |
| 17:50 | Build | Farm |
| 17:50 | Build | Farm |
| 17:50 | Build | Farm |
| 18:02 | Build | Watch Tower |
| 18:08 | Build | House |
| 18:20 | Research | Double-Bit Axe |
| 18:37 | Build | Watch Tower |
| 18:55 | Research | Wheelbarrow |
| 19:32 | Queue | Villager (Male) |
| 19:32 | Queue | Villager (Male) |
| 19:36 | Build | Farm |
| 20:04 | Build | House |
| 20:42 | Build | Market |
| 20:54 | Build | Lumber Camp |
| 21:03 | Queue | Villager (Male) |
| 21:04 | Queue | Villager (Male) |
| 21:49 | Research | Castle Age |
| 21:55 | Research | Gold Mining |
| 21:57 | Research | Stone Mining |
| 22:51 | Build | House |
| 23:05 | Build | House |
| 23:07 | Build | House |
| 23:17 | Queue | Villager (Male) |
| 23:17 | Queue | Villager (Male) |
| 23:18 | Queue | Villager (Male) |
| 23:29 | Age | Castle Age |
| 23:36 | Build | University |
| 23:40 | Build | Market |
| 23:44 | Build | Monastery |
| 24:08 | Build | Farm |
| 24:13 | Queue | Villager (Male) |
| 24:25 | Research | Redemption |
| 24:33 | Queue | Villager (Male) |
| 24:41 | Queue | Villager (Male) |
| 24:53 | Queue | Monk |
| 25:04 | Build | Monastery |
| 25:33 | Build | House |
| 25:36 | Build | House |
| 25:39 | Build | House |
| 26:04 | Queue | Monk |
| 26:07 | Queue | Monk |
| 26:12 | Build | Siege Workshop |
| 26:13 | Queue | Villager (Male) |
| 26:13 | Queue | Villager (Male) |
| 26:44 | Research | Atonement |
| 26:54 | Queue | Villager (Male) ×5 |
| 26:54 | Queue | Villager (Male) ×5 |
| 26:55 | Queue | Villager (Male) ×4 |
| 27:04 | Queue | Villager (Male) |
| 27:06 | Research | Hand Cart |
| 27:07 | Research | Hand Cart |
| 27:12 | Research | Hand Cart |
| 27:17 | Research | Bow Saw |
| 27:17 | Research | Bow Saw |
| 27:28 | Queue | Monk |
| 27:30 | Queue | Monk |
| 27:45 | Queue | Monk |
| 27:49 | Queue | Villager (Male) |
| 27:49 | Queue | Villager (Male) |
| 27:49 | Queue | Villager (Male) |
| 28:21 | Queue | Villager (Male) |
| 28:29 | Build | Castle |
| 28:42 | Queue | Monk |
| 28:43 | Queue | Monk |
Match timeline
| 2:07 | GdR | ChiattoneDevastante · wall_segment Palisade Wall x1 |
| 2:09 | GdR | ChiattoneDevastante · wall_segment Palisade Wall x1 |
| 2:10 | GdR | ChiattoneDevastante · wall_segment Palisade Wall x1 |
| 2:11 | GdR | ChiattoneDevastante · wall_segment Palisade Wall x1 |
| 2:11 | GdR | ChiattoneDevastante · wall_segment Palisade Wall x1 |
| 2:12 | GdR | ChiattoneDevastante · wall_segment Palisade Wall x1 |
| 2:13 | GdR | ChiattoneDevastante · wall_segment Palisade Wall x1 |
| 2:14 | GdR | ChiattoneDevastante · wall_segment Palisade Wall x1 |
| 2:14 | GdR | ChiattoneDevastante · wall_segment Palisade Wall x1 |
| 2:15 | GdR | ChiattoneDevastante · wall_segment Palisade Wall x1 |
| 2:16 | GdR | ChiattoneDevastante · wall_segment Palisade Wall x1 |
| 2:17 | GdR | ChiattoneDevastante · wall_segment Palisade Wall x1 |
| 2:17 | GdR | ChiattoneDevastante · wall_segment Palisade Wall x1 |
| 2:18 | GdR | ChiattoneDevastante · wall_segment Palisade Wall x1 |
| 7:44 | deptozer · age_up feudal |
| 8:15 | GdR | ChiattoneDevastante · wall_segment Palisade Wall x10 |
| 8:34 | GdR | ChiattoneDevastante · wall_segment Palisade Wall x2 |
| 8:36 | GdR | ChiattoneDevastante · wall_segment Palisade Wall x5 |
| 10:17 | GdR | ChiattoneDevastante · wall_segment Palisade Wall x1 |
| 11:02 | GdR | ChiattoneDevastante · wall_segment Palisade Wall x1 |
| 11:03 | GdR | ChiattoneDevastante · wall_segment Palisade Wall x1 |
| 11:10 | GdR | ChiattoneDevastante · age_up feudal |
| 11:43 | GdR | ChiattoneDevastante · wall_segment Palisade Wall x2 |
| 12:17 | GdR | ChiattoneDevastante · wall_segment Palisade Wall x5 |
| 13:52 | GdR | ChiattoneDevastante · wall_segment Palisade Wall x7 |
| 14:52 | GdR | ChiattoneDevastante · age_up castle |
| 14:55 | GdR | ChiattoneDevastante · first_building Siege Workshop |
| 15:19 | GdR | ChiattoneDevastante · first_market_sell 100 food |
| 16:53 | deptozer · wall_segment Stone Wall x1 |
| 16:54 | deptozer · wall_segment Stone Wall x1 |
| 16:55 | deptozer · wall_segment Stone Wall x1 |
| 16:57 | deptozer · wall_segment Stone Wall x1 |
| 22:12 | GdR | ChiattoneDevastante · first_market_buy 100 wood |
| 23:10 | GdR | ChiattoneDevastante · first_building Monastery |
| 23:29 | deptozer · age_up castle |
| 23:33 | deptozer · first_market_buy 100 wood |
| 23:44 | deptozer · first_building Monastery |
| 26:12 | deptozer · first_building Siege Workshop |
| 26:29 | deptozer · first_market_sell 100 food |
| 26:54 | GdR | ChiattoneDevastante · first_building Castle |
| 28:29 | deptozer · first_building Castle |
| 30:22 | GdR | ChiattoneDevastante · wall_segment Palisade Wall x4 |
| 30:23 | GdR | ChiattoneDevastante · wall_segment Palisade Wall x3 |
| 30:24 | GdR | ChiattoneDevastante · wall_segment Palisade Wall x6 |
| 35:09 | deptozer · age_up imperial |
| 36:06 | GdR | ChiattoneDevastante · first_building Barracks |
| 36:40 | GdR | ChiattoneDevastante · first_building Stable |
| 38:44 | GdR | ChiattoneDevastante · age_up imperial |
| 40:59 | deptozer · first_building Barracks |
| 42:15 | GdR | ChiattoneDevastante · first_building Archery Range |
| 47:53 | deptozer · resign |
[ AI ANALYSIS · 1 CREDIT ]
What really happened in this match?
Wolo.gg analyzes every decision: build order, eco, micro, common mistakes by bracket. Personalized analysis on WhatsApp or Discord in 30 seconds.
Civ guide
Italians
Perfil
Jugador #6950